[Event "Titled Tuesday Blitz March 22 Early 2022"]
[White "Kollars, Dmitrij"]
[Black "Sarana, Alexey"]
[WhiteFideId "12909572"]
[BlackFideId "24133795"]
[WhiteElo "2584"]
[BlackElo "2666"]
[Result "0-1"]
[Round "09"]
[TimeControl "180+1"]
[Date "2022.03.22"]
[WhiteClock "0:00:04"]
[BlackClock "0:00:14"]

1. c4 e6 2. Nf3 d5 3. d4 Nf6 4. g3 Bb4+ 5. Bd2 Be7 6. Bg2 c6 7. O-O Nbd7 8. Qc2 b6 9. Bc3 dxc4 10. Rd1 Bb7 11. Ne5 Nxe5 12. dxe5 Nd7 13. Nd2 b5 14. Ne4 O-O 15. Nd6 Qc7 16. a4 a6 17. Rd2 Nc5 18. axb5 axb5 19. Rad1 Rfd8 20. Nxf7 Kxf7 21. Qxh7 Rh8 22. Qc2 Rad8 23. Bf3 g6 24. Rd4 Nb3 25. Rf4+ Kg7 26. Rxd8 Bxd8 27. h4 c5 28. Rg4 Rh6 29. Be4 Bxe4 30. Qxe4 b4 31. Be1 Na5 32. Qa8 Qd7 33. Kh2 Rh5 34. Re4 Rf5 35. f4 Qd5 36. Qa7+ Rf7 0-1


[Site "https://www.chess.com"]

[Event "Titled Tuesday Blitz March 22 Early 2022"]
[White "Kornyukov, Alexey"]
[Black "Mirzoev, Azer"]
[WhiteFideId "4150457"]
[BlackFideId "13400304"]
[WhiteElo "2303"]
[BlackElo "2525"]
[Result "0-1"]
[Round "09"]
[TimeControl "180+1"]
[Date "2022.03.22"]
[WhiteClock "0:00:20"]
[BlackClock "0:00:22"]

1. e4 c5 2. c3 Nf6 3. e5 Nd5 4. d4 cxd4 5. cxd4 d6 6. exd6 Qxd6 7. Nc3 e6 8. Nf3 Nc6 9. Bd3 Be7 10. O-O O-O 11. Ne4 Qd8 12. Be3 g6 13. Nc3 b6 14. Rc1 Bb7 15. a3 Nxe3 16. fxe3 Rc8 17. b4 a5 18. b5 Nb8 19. a4 Nd7 20. Be4 Rxc3 21. Bxb7 Qc7 22. Bc6 Rxe3 23. Qd2 Ra3 24. Bxd7 Qxd7 25. Ne5 Qd5 26. Kh1 Ra2 27. Rc2 Rxc2 28. Qxc2 Qxd4 29. Nc6 Qc5 30. Nxe7+ Qxe7 31. Qc6 Rb8 32. Rd1 Rd8 33. Rc1 Qd6 34. Qf3 Kg7 35. Rf1 Rd7 36. Qf6+ Kg8 37. h3 h5 38. Rc1 Qb8 39. Re1 Qd8 40. Qe5 Rd1 41. Rxd1 Qxd1+ 42. Kh2 Qd8 43. Kh1 Kh7 44. Qa1 Qd6 45. Qf1 Kg7 46. Qa1+ e5 47. Kg1 Qd4+ 48. Qxd4 exd4 49. Kf2 Kf6 50. Kf3 Ke5 51. g4 hxg4+ 52. hxg4 f5 53. g5 f4 54. Kf2 Ke4 55. Ke2 d3+ 56. Kd2 f3 0-1


[Site "https://www.chess.com"]

[Event "Titled Tuesday Blitz March 22 Early 2022"]
[White "Kouskoutis, Georgios-Alexandros"]
[Black "Mikhailovsky, Vladimir"]
[WhiteFideId "4234049"]
[BlackFideId "34105414"]
[WhiteElo "2130"]
[BlackElo "2371"]
[Result "0-1"]
[Round "09"]
[TimeControl "180+1"]
[Date "2022.03.22"]
[WhiteClock "0:00:01"]
[BlackClock "0:00:03"]

1. c4 e6 2. g3 d5 3. Bg2 c5 4. Nf3 Nf6 5. O-O Nc6 6. cxd5 exd5 7. d4 c4 8. Nc3 Bb4 9. Bg5 Bxc3 10. bxc3 h6 11. Bxf6 Qxf6 12. Ne5 Nxe5 13. dxe5 Qxe5 14. Qxd5 Qc7 15. Qe4+ Be6 16. Bh3 O-O 17. Bxe6 fxe6 18. Qxe6+ Kh8 19. e3 Rf6 20. Qe4 Raf8 21. Rab1 b6 22. Rb4 Qf7 23. Qxc4 Rxf2 24. Qxf7 R2xf7 25. Rxf7 Rxf7 26. Kg2 Kg8 27. Rd4 Rc7 28. c4 Kf7 29. Kf3 Ke6 30. Ke4 Rf7 31. Rd2 Rf1 32. Rc2 Kd6 33. h4 Kc5 34. Ke5 Rf3 35. e4 Rxg3 36. Kf5 g6+ 37. Kf6 Kd4 38. e5 g5 39. hxg5 Rf3+ 40. Ke7 hxg5 41. e6 Kc5 42. Kd7 Rd3+ 43. Ke8 g4 44. Rg2 g3 45. e7 Re3 46. Kf7 Rf3+ 47. Ke6 Re3+ 48. Kd7 Rd3+ 49. Kc8 Re3 50. Kd8 Rd3+ 51. Kc7 Re3 52. Kd7 Rd3+ 53. Ke6 Re3+ 54. Kf6 Kd6 55. Rxg3 Re6+ 56. Kf5 Rxe7 57. Rd3+ Kc5 58. Rc3 Re1 59. Kf4 a5 60. Rc2 a4 61. Kf3 Re7 62. Kf2 Re8 63. Kf3 Re7 64. Kf2 Re4 65. Kf3 Rxc4 66. Rb2 Rd4 67. Ke3 Rd8 68. Ke2 b5 69. Rc2+ Kb4 70. Rb2+ Kc4 71. Rc2+ Kb4 72. Rb2+ Ka5 73. Ke3 b4 74. Ke2 Kb5 75. Rb1 Kc4 76. Rc1+ Kb5 77. Rd1 Rc8 78. Kd2 b3 79. axb3 axb3 80. Rh1 Kb4 81. Ra1 Rc7 82. Ra8 Rc2+ 83. Kd3 Rc7 0-1


[Site "https://www.chess.com"]

[Event "Titled Tuesday Blitz March 22 Early 2022"]
[White "Krysa, Leandro"]
[Black "Demchenko, Anton"]
[WhiteFideId "116807"]
[BlackFideId "4160258"]
[WhiteElo "2490"]
[BlackElo "2539"]
[Result "0-1"]
[Round "09"]
[TimeControl "180+1"]
[Date "2022.03.22"]
[WhiteClock "0:00:11"]
[BlackClock "0:00:41"]

1. e4 e5 2. Nf3 Nc6 3. Nc3 Nf6 4. a4 d6 5. Bb5 Bg4 6. h3 Bxf3 7. Qxf3 Nd7 8. Qd1 g6 9. O-O Bg7 10. d3 O-O 11. Bc4 Kh8 12. Nd5 f5 13. c3 f4 14. a5 Ne7 15. a6 b6 16. d4 Nxd5 17. Bxd5 Rb8 18. Bc6 Qe7 19. d5 f3 20. g3 h5 21. Kh2 Kh7 22. b4 Bh6 23. Bxh6 Kxh6 24. Qd2+ Kg7 25. Rg1 Nf6 26. Qe3 Nh7 27. c4 h4 28. Raf1 Rf7 29. c5 Rh8 30. cxb6 cxb6 31. gxh4 Qxh4 32. Rg3 Rf4 33. Rfg1 Ng5 34. Bd7 Rh5 35. Bg4 Rxg4 0-1


[Site "https://www.chess.com"]

[Event "Titled Tuesday Blitz March 22 Early 2022"]
[White "Krzywda, Andrzej"]
[Black "Coto Mederos, Michel"]
[WhiteFideId "1114565"]
[BlackFideId "3508528"]
[WhiteElo "2098"]
[BlackElo "2427"]
[Result "0-1"]
[Round "09"]
[TimeControl "180+1"]
[Date "2022.03.22"]
[WhiteClock "0:00:01"]
[BlackClock "0:00:02"]

1. Nf3 d5 2. d4 Nf6 3. g3 e6 4. Bg2 c5 5. O-O Nc6 6. b3 cxd4 7. Nxd4 Bc5 8. Nxc6 bxc6 9. Bb2 O-O 10. c4 Rb8 11. cxd5 cxd5 12. Nc3 Qe7 13. Na4 Ba3 14. Be5 Bd6 15. Qd4 Bd7 16. Bxd6 Qxd6 17. Qxa7 Bb5 18. Bf3 e5 19. Rfe1 e4 20. Bg2 Rfc8 21. Qd4 Rc2 22. Nc3 Qa3 23. Qe5 Qa8 24. Rac1 Re8 25. Qd4 Rxc1 26. Rxc1 Bd7 27. Rd1 Be6 28. Na4 h6 29. Rc1 Qa6 30. Bf1 Qd6 31. Nc5 Bg4 32. b4 e3 33. f3 Bc8 34. a4 Nd7 35. b5 Nb6 36. a5 Nd7 37. Nxd7 Bxd7 38. b6 Ra8 39. Qc3 Kh7 40. Qd3+ g6 41. Qxe3 Rxa5 42. f4 d4 43. Qb3 Be6 44. Qb2 Ra8 45. Rd1 Rb8 46. Qxd4 Qxb6 47. Qxb6 Rxb6 48. Bg2 Rb2 49. Bf3 Bc4 50. Kf2 Kg7 51. Rc1 Bb5 52. Rc3 Kf6 53. Re3 Kg7 54. Re5 Kf6 55. Re3 g5 56. Re5 gxf4 57. gxf4 Rb4 58. Re3 Rxf4 59. Kg3 Rb4 60. Rc3 Rb2 61. Re3 Kg5 62. Kf2 f5 63. Re7 Kf4 64. Rb7 Rb3 65. Bc6 Bc4 66. Rc7 Rb2 67. Re7 Kg5 68. Bf3 Kf6 69. Rc7 Be6 70. Rc6 Ke5 71. Rc5+ Kf4 72. Ra5 Bf7 73. Ra4+ Kg5 74. h4+ Kf6 75. Ra6+ Kg7 76. Ra7 Kf6 77. Ra6+ Kg7 78. Kg3 Rb4 79. Rc6 Rd4 80. Rb6 Bg6 81. Ra6 Bf7 82. Ra7 Kf6 83. Ra6+ Kg7 84. Kf2 Bg6 85. Ke3 Rb4 86. Kf2 f4 87. Ra7+ Kf6 88. Ra6+ Kg7 89. Ra5 Bf7 90. h5 Kf6 91. Ra6+ Kg7 92. Ra7 Kf6 93. Rc7 Kg7 94. Kg2 Kf6 95. Rc6+ Kg5 96. Kh3 Rb5 97. Ra6 Rc5 98. Ra1 Kf6 99. Kh4 Be6 100. Rg1 Rg5 101. Rc1 Rg3 0-1


[Site "https://www.chess.com"]

[Event "Titled Tuesday Blitz March 22 Early 2022"]
[White "Ladan, Nicholas"]
[Black "volunteers1998"]
[WhiteFideId "30918855"]
[WhiteElo "2167"]
[BlackElo "2246"]
[Result "0-1"]
[Round "09"]
[TimeControl "180+1"]
[Date "2022.03.22"]
[WhiteClock "0:00:04"]
[BlackClock "0:00:47"]

1. d4 f5 2. Bf4 Nf6 3. e3 e6 4. c4 Be7 5. Nc3 O-O 6. Nf3 d6 7. Qb3 Kh8 8. h3 Nc6 9. Be2 a6 10. O-O Bd7 11. Rfe1 Ne4 12. Nxe4 fxe4 13. Nd2 d5 14. cxd5 exd5 15. Qxd5 Nb4 16. Qxe4 Bf5 17. Qxb7 Nc2 18. Qxc7 Qxc7 19. Bxc7 Nxe1 20. Rxe1 Bb4 21. Rd1 Rac8 22. a3 Bxd2 23. Bd6 Rfd8 24. Be7 Rd7 25. Rxd2 Rxe7 26. Bxa6 Rb8 27. d5 Rc7 28. b4 Rc2 29. Rd4 Ra2 30. e4 Bc8 31. Bxc8 Rxc8 32. d6 Kg8 33. Rd3 Kf7 34. e5 Ke6 35. f4 g5 36. g3 Rc1+ 0-1


[Site "https://www.chess.com"]

[Event "Titled Tuesday Blitz March 22 Early 2022"]
[White "Lagunov, Evgenij"]
[Black "Demin, Vladimir"]
[WhiteFideId "4125363"]
[BlackFideId "4167457"]
[WhiteElo "2200"]
[BlackElo "2527"]
[Result "0-1"]
[Round "09"]
[TimeControl "180+1"]
[Date "2022.03.22"]
[WhiteClock "0:00:01"]
[BlackClock "0:00:04"]

1. e4 Nf6 2. e5 Nd5 3. d4 d6 4. c4 Nb6 5. f4 dxe5 6. fxe5 Bf5 7. Nc3 e6 8. Be3 Bb4 9. Nf3 c5 10. a3 Bxc3+ 11. bxc3 Nc6 12. Be2 O-O 13. O-O Na5 14. dxc5 Nbxc4 15. Bd4 Be4 16. Qe1 Bd5 17. Bd1 Nc6 18. Bc2 g6 19. Nd2 Nxd2 20. Qxd2 Qa5 21. Qf4 Rad8 22. Rae1 Qxa3 23. Re3 Bc4 24. Rh3 Bxf1 25. Qh6 Rfe8 26. Qxh7+ Kf8 27. Rf3 Nxe5 28. Bxe5 Qxc5+ 29. Kh1 Bxg2+ 30. Kxg2 Rd2+ 31. Kh3 Rxh2+ 32. Kxh2 Qxe5+ 33. Kg2 Re7 34. Qh6+ Ke8 0-1


[Site "https://www.chess.com"]

[Event "Titled Tuesday Blitz March 22 Early 2022"]
[White "Lakshmi C"]
[Black "Dahlgren, James Allen"]
[WhiteFideId "25035347"]
[BlackFideId "22256873"]
[WhiteElo "1775"]
[BlackElo "2117"]
[Result "0-1"]
[Round "09"]
[TimeControl "180+1"]
[Date "2022.03.22"]
[WhiteClock "0:00:02"]
[BlackClock "0:00:10"]

1. e4 e6 2. d4 c5 3. d5 Nf6 4. Qd3 d6 5. c4 g6 6. Nc3 Bg7 7. dxe6 Bxe6 8. Bf4 O-O 9. Bxd6 Re8 10. O-O-O Qa5 11. h3 Nc6 12. a3 Rad8 13. Qe3 Nd4 14. e5 Bf5 15. Nb5 Bh6 16. Nxd4 Bxe3+ 17. fxe3 cxd4 18. exd4 Ne4 19. Bb4 Qc7 20. Nf3 Nf2 21. Be2 Nxh1 22. Rxh1 a5 23. Bc3 a4 24. Re1 Be4 25. Nd2 Bxg2 26. h4 Bh3 27. h5 Bf5 28. Rg1 b5 29. c5 Rd5 30. Bxb5 Red8 31. hxg6 hxg6 32. Bc4 Rxd4 33. Bxd4 Rxd4 34. Rg5 Qxc5 35. Rg3 Rxc4+ 0-1


[Site "https://www.chess.com"]

[Event "Titled Tuesday Blitz March 22 Early 2022"]
[White "Lauridsen, Jesper Morch"]
[Black "Vusatiuk, Vladimir"]
[WhiteFideId "1401890"]
[BlackFideId "14118610"]
[WhiteElo "2246"]
[BlackElo "2157"]
[Result "1-0"]
[Round "09"]
[TimeControl "180+1"]
[Date "2022.03.22"]
[WhiteClock "0:00:08"]
[BlackClock "0:00:03"]

1. e4 Nc6 2. Nf3 f5 3. exf5 d5 4. Bb5 Bxf5 5. Ne5 Bd7 6. Bxc6 bxc6 7. d4 Nf6 8. O-O e6 9. Re1 Bd6 10. Bf4 O-O 11. Bg3 c5 12. dxc5 Bxc5 13. Nd2 Rb8 14. Ndf3 Bd6 15. Rb1 Ne4 16. Nd4 Bxe5 17. Bxe5 Nxf2 18. Qh5 Rc8 19. Nf3 Ne4 20. h4 Rf5 21. Qg4 Qe7 22. c4 c6 23. Rbd1 Be8 24. Bd4 Bh5 25. Qh3 c5 26. cxd5 Bxf3 27. gxf3 cxd4 28. Rxe4 Rxd5 29. Rxe6 Qf7 30. Rde1 h6 31. Re7 Qf6 32. Qxc8+ Kh7 33. Qg4 d3 34. R1e6 Qf5 35. Qxg7# 1-0


[Site "https://www.chess.com"]

[Event "Titled Tuesday Blitz March 22 Early 2022"]
[White "Le Ruyet, Leopold"]
[Black "Mikhalsky, Vladimir"]
[WhiteFideId "645923"]
[BlackFideId "14144352"]
[WhiteElo "2276"]
[BlackElo "2301"]
[Result "1-0"]
[Round "09"]
[TimeControl "180+1"]
[Date "2022.03.22"]
[WhiteClock "0:00:11"]
[BlackClock "0:00:11"]

1. d4 Nf6 2. c4 g6 3. Nc3 Bg7 4. e4 O-O 5. f3 d6 6. Be3 Nc6 7. Nge2 Re8 8. Qd2 a6 9. h4 h5 10. O-O-O b5 11. c5 b4 12. Nd5 Nxd5 13. exd5 Na5 14. Qxb4 c6 15. dxc6 Nxc6 16. Qb6 Qxb6 17. cxb6 Nb4 18. Nc3 Bf5 19. a3 Nc2 20. Kd2 Nxd4 21. Bc4 Rab8 22. b4 Rxb6 23. Rhe1 a5 24. b5 Rc8 25. Bd3 Nxf3+ 26. gxf3 Bxc3+ 27. Ke2 Bxd3+ 28. Rxd3 Rxb5 29. Rc1 Rb2+ 30. Kd1 Rbb8 31. Rdxc3 Rxc3 32. Rxc3 Rb1+ 33. Bc1 Rb5 34. Ke2 Kg7 35. Kd3 Kf6 36. Kc4 Rc5+ 37. Kd4 Rf5 38. Bg5+ Ke6 39. Re3+ Re5 40. Rxe5+ dxe5+ 41. Kc5 f6 42. Bd2 e4 43. fxe4 Ke5 44. Bxa5 Kxe4 45. Bd8 f5 46. Bxe7 f4 47. Bd6 f3 48. Bg3 Ke3 49. a4 f2 50. Bxf2+ Kxf2 51. a5 Kg3 52. a6 Kxh4 53. a7 g5 54. a8=Q Kg3 55. Qd5 Kg4 56. Qg2+ Kf4 57. Kd4 g4 58. Qh2+ Kg5 59. Ke4 h4 60. Qe5+ Kh6 61. Kf4 g3 62. Qg5+ Kh7 63. Qxh4+ Kg6 64. Qxg3+ 1-0


[Site "https://www.chess.com"]

[Event "Titled Tuesday Blitz March 22 Early 2022"]
[White "Manukian, Artak"]
[Black "Melikhov, Evgeny V."]
[WhiteFideId "13301373"]
[BlackFideId "4122046"]
[WhiteElo "2426"]
[BlackElo "1945"]
[Result "1-0"]
[Round "09"]
[TimeControl "180+1"]
[Date "2022.03.22"]
[WhiteClock "0:00:11"]
[BlackClock "0:00:43"]

1. e4 e5 2. Nf3 Nc6 3. d4 exd4 4. Nxd4 Bc5 5. Nxc6 Qf6 6. Qf3 Qxf3 7. gxf3 bxc6 8. Bc4 Ne7 9. Nc3 d6 10. h4 Be6 11. Bd3 d5 12. h5 Bb4 13. Bd2 d4 14. Ne2 Bxd2+ 15. Kxd2 c5 16. b3 h6 17. f4 g5 18. fxg5 hxg5 19. Rag1 f6 20. f4 gxf4 21. Nxf4 Kd7 22. h6 Nc6 23. Bb5 Rae8 24. Rg7+ Kd6 25. h7 Re7 26. Nxe6 Kxe6 27. Rg8 Rhxh7 28. Rxh7 Rxh7 29. Bxc6 Rh2+ 30. Kc1 d3 31. cxd3 Rxa2 32. Bd5+ Ke5 33. b4 Ra3 34. bxc5 Rxd3 35. Kc2 Kd4 36. c6 Rc3+ 37. Kb2 Re3 38. Rf8 Rf3 39. Rf7 Kc5 40. Rxc7 f5 41. Rxa7 Rf2+ 42. Kc3 Rf3+ 43. Kd2 fxe4 44. c7 Rd3+ 45. Ke2 1-0


[Site "https://www.chess.com"]

[Event "Titled Tuesday Blitz March 22 Early 2022"]
[White "Marcziter, Dmitrii"]
[Black "Fiol, Fabrice"]
[WhiteFideId "13900765"]
[BlackFideId "611670"]
[WhiteElo "2155"]
[BlackElo "2445"]
[Result "1-0"]
[Round "09"]
[TimeControl "180+1"]
[Date "2022.03.22"]
[WhiteClock "0:01:32"]
[BlackClock "0:00:10"]

1. d4 Nf6 2. c4 e6 3. Nf3 Bb4+ 4. Nbd2 b6 5. a3 Bxd2+ 6. Bxd2 Bb7 7. Bf4 d6 8. h3 Nbd7 9. e3 Qe7 10. Be2 e5 11. Bh2 Ne4 12. O-O O-O 13. Qc2 f5 14. b4 a5 15. c5 bxc5 16. bxc5 Bd5 17. Bc4 Bxc4 18. Qxc4+ Kh8 19. cxd6 cxd6 20. Rac1 h6 21. Rfd1 Rfc8 22. Qd5 Nb6 23. Rxc8+ Rxc8 24. Qxa5 Nc3 25. Re1 e4 26. Nd2 Nbd5 27. Qa6 f4 28. Qxc8+ Kh7 29. Bxf4 Nxf4 30. exf4 e3 31. Qxc3 e2 32. Qd3+ 1-0


[Site "https://www.chess.com"]

[Event "Titled Tuesday Blitz March 22 Early 2022"]
[White "Migot, Tangi"]
[Black "Indjic, Aleksandar"]
[WhiteFideId "662445"]
[BlackFideId "911925"]
[WhiteElo "2528"]
[BlackElo "2616"]
[Result "0-1"]
[Round "09"]
[TimeControl "180+1"]
[Date "2022.03.22"]
[WhiteClock "0:00:30"]
[BlackClock "0:00:37"]

1. e4 c6 2. d4 d5 3. Nc3 dxe4 4. Nxe4 Nf6 5. Nxf6+ exf6 6. Nf3 Bd6 7. Be2 O-O 8. O-O Re8 9. c4 Nd7 10. Bd3 Nf8 11. Qc2 Ng6 12. Be3 Bg4 13. Nd2 Qc7 14. h3 Bd7 15. Rfe1 Bf4 16. Nf3 Bxe3 17. Rxe3 Rxe3 18. fxe3 c5 19. Re1 Re8 20. Kf2 b6 21. a3 Bc6 22. d5 Bd7 23. b4 Qd6 24. b5 a6 25. a4 axb5 26. axb5 Ra8 27. Bxg6 hxg6 28. e4 Ra5 29. Qb2 Qb8 30. Ra1 Qa8 31. Rxa5 Qxa5 32. e5 fxe5 33. Nxe5 Bf5 34. d6 f6 35. Nc6 Qa8 36. Qd2 Bd7 37. Qd5+ Kh7 38. h4 Qa2+ 39. Kg3 Qa3+ 40. Kh2 Qc1 41. Qd3 Qf4+ 42. g3 Qf2+ 43. Kh1 Bg4 44. Qf1 Bf3+ 0-1


[Site "https://www.chess.com"]

[Event "Titled Tuesday Blitz March 22 Early 2022"]
[White "Mkrtchyan, Mariam"]
[Black "Vishnu, Prasanna. V"]
[WhiteFideId "13310828"]
[BlackFideId "5030692"]
[WhiteElo "1984"]
[BlackElo "2510"]
[Result "0-1"]
[Round "09"]
[TimeControl "180+1"]
[Date "2022.03.22"]
[WhiteClock "0:00:02"]
[BlackClock "0:01:43"]

1. Nf3 Nf6 2. g3 g6 3. Bg2 Bg7 4. O-O O-O 5. c4 d6 6. d4 c6 7. Nc3 Bf5 8. Nd2 e5 9. d5 cxd5 10. cxd5 Na6 11. Nb3 Qd7 12. e4 Bg4 13. f3 Bh3 14. Be3 Bxg2 15. Kxg2 Rfc8 16. Rc1 b6 17. Qe2 Nc5 18. Bxc5 bxc5 19. Nd2 Bh6 20. Rc2 Bxd2 21. Rxd2 Rab8 22. f4 Qe7 23. f5 Rb4 24. Qf3 Rcb8 25. fxg6 Rxb2 26. Rxb2 Rxb2+ 27. Kg1 Rc2 28. gxf7+ Qxf7 29. Rf2 Rxf2 30. Qxf2 Qg6 31. Qf3 Qg5 32. Ne2 c4 33. Kg2 Kg7 34. h4 Qd2 35. g4 c3 36. g5 Ng8 37. Kf2 c2 38. Qe3 c1=Q 39. Qxa7+ Kh8 40. Qf7 Qce1+ 41. Kf3 Qdxe2# 0-1


[Site "https://www.chess.com"]

[Event "Titled Tuesday Blitz March 22 Early 2022"]
[White "Molina, Roberto Junio Brito"]
[Black "Williams, Simon K"]
[WhiteFideId "2109450"]
[BlackFideId "404454"]
[WhiteElo "2432"]
[BlackElo "2468"]
[Result "1-0"]
[Round "09"]
[TimeControl "180+1"]
[Date "2022.03.22"]
[WhiteClock "0:00:28"]
[BlackClock "0:00:03"]

1. d4 e6 2. Nf3 f5 3. g3 Nf6 4. Bg2 Be7 5. O-O O-O 6. c4 d6 7. Nc3 Ne4 8. Nxe4 fxe4 9. Nd2 d5 10. f3 Nc6 11. fxe4 Rxf1+ 12. Bxf1 Nxd4 13. e3 Nc6 14. cxd5 exd5 15. exd5 Ne5 16. e4 Bc5+ 17. Kh1 Ng4 18. Qc2 Nf2+ 19. Kg1 Nxe4+ 20. Kg2 Qd7 21. Qxe4 Qf7 22. Qf4 Qxd5+ 23. Nf3 Be6 24. b3 b5 25. Bxb5 Qh5 26. Bc4 Qh3+ 27. Kh1 Rf8 28. Ng5 Bxc4 29. Qxc4+ Kh8 1-0


[Site "https://www.chess.com"]

[Event "Titled Tuesday Blitz March 22 Early 2022"]
[White "Moroni, Luca Jr"]
[Black "Hamitevici, Vladimir"]
[WhiteFideId "865834"]
[BlackFideId "13902393"]
[WhiteElo "2573"]
[BlackElo "2359"]
[Result "0-1"]
[Round "09"]
[TimeControl "180+1"]
[Date "2022.03.22"]
[WhiteClock "0:00:01"]
[BlackClock "0:00:15"]

1. d4 Nf6 2. Bf4 d5 3. e3 c5 4. dxc5 Nc6 5. Bb5 Qa5+ 6. Nc3 a6 7. Bd3 e5 8. Bg5 d4 9. exd4 exd4 10. Bxf6 gxf6 11. Ne2 dxc3 12. Nxc3 Bxc5 13. a3 Be6 14. O-O Bd4 15. Ne4 O-O-O 16. Qf3 Ne5 17. Qf4 Qc7 18. Be2 f5 19. Ng5 Ng4 20. Qxc7+ Kxc7 21. c3 Bb6 22. Rae1 Rhg8 23. Nxe6+ fxe6 24. Bxg4 fxg4 25. Rxe6 Rg6 26. Re2 Rgd6 27. b4 Rd2 28. Re4 Rxf2 29. Re7+ Kb8 30. Re6 Rf6+ 0-1


[Site "https://www.chess.com"]

[Event "Titled Tuesday Blitz March 22 Early 2022"]
[White "Murzin, Volodar"]
[Black "Lewtak, Damian"]
[WhiteFideId "44155573"]
[BlackFideId "1141724"]
[WhiteElo "2585"]
[BlackElo "2362"]
[Result "1-0"]
[Round "09"]
[TimeControl "180+1"]
[Date "2022.03.22"]
[WhiteClock "0:00:17"]
[BlackClock "0:01:12"]

1. e4 c5 2. Nf3 d6 3. c3 Nf6 4. h3 Nc6 5. Bd3 e6 6. O-O Be7 7. Re1 O-O 8. Bf1 Rb8 9. a4 e5 10. d4 exd4 11. cxd4 cxd4 12. Nxd4 Nxd4 13. Qxd4 b6 14. Nc3 Nd7 15. Nd5 Nc5 16. Bc4 a6 17. Bf4 Rb7 18. Bg3 Be6 19. b4 b5 20. axb5 axb5 21. Nxe7+ Qxe7 22. Bxd6 Rd8 23. Qxc5 Qxd6 24. Qxd6 Rxd6 25. Ra8+ 1-0


[Site "https://www.chess.com"]

[Event "Titled Tuesday Blitz March 22 Early 2022"]
[White "Myshakov, Fyodor"]
[Black "Avazkhonov, Alikhon"]
[WhiteFideId "14111284"]
[BlackFideId "14208504"]
[WhiteElo "2310"]
[BlackElo "1739"]
[Result "0-1"]
[Round "09"]
[TimeControl "180+1"]
[Date "2022.03.22"]
[WhiteClock "0:00:24"]
[BlackClock "0:00:06"]

1. c4 e5 2. Nc3 d6 3. Nf3 f5 4. g3 Nf6 5. Bg2 Be7 6. O-O O-O 7. d3 c6 8. Rb1 a5 9. a3 Na6 10. b4 Nc7 11. b5 Ne6 12. bxc6 bxc6 13. Nd2 Bd7 14. e3 Kh8 15. Re1 Qe8 16. f4 g5 17. fxe5 dxe5 18. Nf3 Bd6 19. Bb2 g4 20. Nd2 Ng5 21. Na4 Rb8 22. c5 Bc7 23. d4 e4 24. d5 cxd5 25. c6 Bxc6 26. Qc2 Rc8 27. Nc5 Be5 28. Ndb3 a4 29. Nd4 Qe7 30. Nxf5 Qe8 31. Ba1 Bxa1 32. Rxa1 Qe5 33. Nd4 Nf3+ 34. Bxf3 gxf3 35. Nce6 Bd7 36. Nxf8 Rxc2 37. Nxc2 Bh3 38. Rab1 Ng4 39. Rec1 f2+ 40. Kh1 Qf6 41. Nd4 Qxf8 42. Rf1 Bxf1 43. Rxf1 Nxe3 44. Rxf2 Qxf2 0-1


[Site "https://www.chess.com"]

[Event "Titled Tuesday Blitz March 22 Early 2022"]
[White "Narayanan.S.L"]
[Black "Vakhlamov, Igor L."]
[WhiteFideId "5058422"]
[BlackFideId "24126748"]
[WhiteElo "2494"]
[BlackElo "2401"]
[Result "1-0"]
[Round "09"]
[TimeControl "180+1"]
[Date "2022.03.22"]
[WhiteClock "0:02:52"]
[BlackClock "0:01:59"]

1. c4 Nf6 2. Nc3 c5 3. Nf3 Nc6 4. d4 cxd4 5. Nxd4 g6 6. g3 Bg7 7. Bg2 O-O 8. O-O Qa5 9. e3 d6 10. Bd2 Bd7 11. Nd5 Rfc8 12. Bxa5 1-0


[Site "https://www.chess.com"]

[Event "Titled Tuesday Blitz March 22 Early 2022"]
[White "Nenezic, Marko"]
[Black "Tasev, Dejan"]
[WhiteFideId "912123"]
[BlackFideId "936618"]
[WhiteElo "2457"]
[BlackElo "2253"]
[Result "1-0"]
[Round "09"]
[TimeControl "180+1"]
[Date "2022.03.22"]
[WhiteClock "0:01:15"]
[BlackClock "0:00:46"]

1. Nf3 Nf6 2. c4 g6 3. Nc3 Bg7 4. e4 d6 5. d4 O-O 6. Be2 c5 7. O-O a6 8. Bg5 cxd4 9. Nxd4 Nc6 10. Nc2 Bd7 11. Qd2 Rc8 12. f3 Ne5 13. Ne3 Be6 14. b3 h6 15. Bh4 g5 16. Bf2 Ng6 17. Rfc1 Nd7 18. Rab1 Nde5 19. Ncd5 Bd7 20. Nf5 Bc6 21. Nxg7 Kxg7 22. Bd4 Bxd5 23. exd5 Qd7 24. a4 f5 25. a5 f4 26. Bd3 Kg8 27. Re1 Rf7 28. Bxg6 Nxg6 29. Re6 Kh7 30. Qd3 Rg8 31. Rbe1 Qd8 32. b4 Qd7 33. h3 Qa4 34. Rxe7 Rf8 35. R1e6 1-0


[Site "https://www.chess.com"]

[Event "Titled Tuesday Blitz March 22 Early 2022"]
[White "Nepomniachtchi, Ian"]
[Black "Vokhidov, Shamsiddin"]
[WhiteFideId "4168119"]
[BlackFideId "14204223"]
[WhiteElo "2740"]
[BlackElo "2611"]
[Result "1/2-1/2"]
[Round "09"]
[TimeControl "180+1"]
[Date "2022.03.22"]
[WhiteClock "0:00:27"]
[BlackClock "0:00:10"]

1. e4 c5 2. Nf3 d6 3. d4 cxd4 4. Nxd4 Nf6 5. Nc3 Nc6 6. Bg5 Bd7 7. Qd2 a6 8. O-O-O e6 9. f4 b5 10. Nxc6 Bxc6 11. e5 dxe5 12. Qe1 Qc7 13. fxe5 Nd7 14. Bf4 Rc8 15. Bd3 Nc5 16. Kb1 Qb7 17. Qg3 b4 18. Ne2 Nxd3 19. Rxd3 Bxg2 20. Rc1 Be4 21. Rd2 Bg6 22. h4 a5 23. Rcd1 a4 24. Bg5 Be7 25. Bxe7 Qxe7 26. h5 Bxh5 27. Qxg7 Rf8 28. Qh6 Bg6 29. Nf4 b3 30. Nxg6 fxg6 31. cxb3 axb3 32. axb3 Rf7 33. Rd6 Rf5 34. b4 Rxe5 35. Rd7 Qxd7 36. Rxd7 Kxd7 37. Qxh7+ Kd6 38. Qxg6 Rb8 39. Qd3+ Ke7 40. Qg3 Reb5 41. Qc7+ Kf6 42. Qf4+ Ke7 43. Qc7+ Kf6 44. Qf4+ Kg6 45. Qg4+ Kf7 46. Qf4+ Ke7 47. Qh4+ Kd7 48. Qd4+ Ke7 49. Qa7+ Kf6 50. Qd4+ e5 51. Qh4+ Ke6 52. Qc4+ Kf5 53. Qf7+ Ke4 54. Qc4+ Kf3 55. Qf1+ Ke3 56. Qe1+ Kf4 57. Qf1+ Ke4 58. Qc4+ Kf3 59. Qd3+ Kf4 60. Qf1+ Ke4 61. Qc4+ 1/2-1/2


[Site "https://www.chess.com"]

[Event "Titled Tuesday Blitz March 22 Early 2022"]
[White "Oganian, Miran"]
[Black "Neiksans, Arturs"]
[WhiteFideId "4122488"]
[BlackFideId "11601388"]
[WhiteElo "2357"]
[BlackElo "2447"]
[Result "1/2-1/2"]
[Round "09"]
[TimeControl "180+1"]
[Date "2022.03.22"]
[WhiteClock "0:00:06"]
[BlackClock "0:00:12"]

1. d4 f5 2. g4 fxg4 3. e4 d5 4. Nc3 dxe4 5. Nxe4 Nf6 6. Bg2 Nc6 7. c3 e5 8. Ne2 exd4 9. O-O dxc3 10. Qb3 Nxe4 11. Bxe4 Bd6 12. Ng3 Ne5 13. Bf4 Qf6 14. Nh5 Qe7 15. Rae1 g6 16. Bxb7 Bxb7 17. Qxb7 O-O 18. Bxe5 Bxe5 19. Qd5+ Qf7 20. Rxe5 Qxd5 21. Rxd5 gxh5 22. bxc3 Rf3 23. Re1 Raf8 24. Re7 R8f7 25. Rxf7 Kxf7 26. Rxh5 Rxc3 27. Ra5 Kg6 28. Rxa7 h5 29. a4 h4 30. a5 Rc1+ 31. Kg2 h3+ 32. Kg3 Kg5 33. f4+ Kf5 34. a6 Rc2 35. Ra8 Rg2+ 36. Kh4 Rxh2 37. a7 Ra2 38. Rf8+ Ke4 39. Kxg4 h2 40. Re8+ Kd4 41. Rh8 Rxa7 42. Rxh2 c5 43. f5 c4 44. f6 Ra1 45. Rf2 Ra8 46. f7 Rf8 47. Kg5 c3 48. Kf6 Kd3 49. Rf3+ Kd2 50. Rf2+ Ke3 51. Rg2 Kd3 52. Rg3+ Kd4 53. Rg2 Ke3 54. Rh2 Kd3 55. Rh3+ Kc4 56. Rh2 Kb3 57. Rh3 Kb2 58. Ke7 Ra8 59. Rxc3 Kxc3 60. f8=Q Rxf8 61. Kxf8 1/2-1/2


[Site "https://www.chess.com"]